 Dungeon Crawl Stone Soup version 0.21.1-1-g345015f (webtiles) character file.

81 Fang the Skirmisher (level 4, -17/43 HPs)
             Began as a Gargoyle Berserker on June 5, 2018.
             Was a Believer of Trog.
             Demolished by an orc warrior
             ... wielding a +0 battleaxe
              (26 damage)
             ... on level 2 of the Dungeon.
             The game lasted 00:01:00 (885 turns).

Fang the Skirmisher (Gargoyle Berserker)             Turns: 885, Time: 00:01:01

Health: -17/43     AC:  5    Str: 27    XL:     4   Next: 40%
Magic:  4/4        EV: 12    Int:  7    God:    Trog [**....]
Gold:   29         SH:  0    Dex:  9    Spells: 3/3 levels left

rFire    . . .     SeeInvis .   a - +0 hand axe
rCold    . . .     Gourm    .   (no shield)
rNeg     + . .     Faith    .   b - +0 animal skin
rPois    ∞         Spirit   .   (no helmet)
rElec    +         Reflect  .   (no cloak)
rCorr    .         Harm     .   (no gloves)
MR       .....                  (no boots)
Stlth    ..........             (no amulet)
HPRegen  0.14/turn              (no ring)
MPRegen  0.09/turn              (no ring)

@: berserking, very quick
A: negative energy resistance 1, electricity resistance, unbreathing,
petrification resistance, rot immunity, AC +3
a: Berserk, Trog's Hand, Burn Spellbooks, Renounce Religion


You were on level 2 of the Dungeon.
You worshipped Trog.
Trog was pleased with you.
You were near starving.

You visited 1 branch of the dungeon, and saw 2 of its levels.

You collected 29 gold pieces.

Inventory:

Hand Weapons
 a - a +0 hand axe (weapon)
Armour
 b - a +0 animal skin (worn)
Scrolls
 d - a scroll of noise {unknown}
 e - a scroll of enchant armour {unknown}
 g - 2 scrolls of identify {unknown}
 h - a scroll of immolation {unknown}
 j - a scroll of remove curse {unknown}
Potions
 f - a potion of flight {unknown}
 i - a potion of curing {unknown}
 k - a potion of lignification {unknown}
 l - a potion of invisibility {unknown}
Comestibles
 c - 3 rations


   Skills:
 + Level 3.9 Fighting
 + Level 3.7 Axes
 + Level 2.4 Armour
 + Level 2.1 Dodging
 + Level 0.4 Stealth


You had 3 spell levels left.
You didn't know any spells.

Dungeon Overview and Level Annotations

Branches:
Dungeon (2/15)

Altars:


Innate Abilities, Weirdness & Mutations

You are resistant to torment.
Your stone body is resilient. (AC +3)
You are immune to poison.
You resist negative energy. (rN+)
You are resistant to electric shocks. (rElec)
You can survive without breathing.
You are immune to petrification.
You are immune to rotting.


Message History

A ball python comes into view.
Unknown command.
You closely miss the orc warrior.
The orc warrior is heavily wounded.
The ball python hisses angrily.
You slash the orc!
You kill the orc!
Trog accepts your kill.
The ball python moves out of view.
The orc warrior barely misses you.
You slash the orc warrior!
The orc warrior is almost dead.
Unknown command.
You hit the orc warrior.
The orc warrior is almost dead.
You slash the orc!
You kill the orc!
Trog accepts your kill.
The orc warrior hits you with a battleaxe!!
Ouch! That really hurt!
You die...

...... ..... ....
S..#### ..... ..
... .. #)#####..
!###. ##@o......
.....###..<####..
#......†.###
..##.#.## #.#[.##
###.....#
#..<##..#
......### .....
#.#.# ####..


You could see an orc warrior and a ball python.

Vanquished Creatures
  An orc priest (D:2)
  A gnoll (D:1)
  A leopard gecko (D:1)
  2 orcs (D:2)
  A ball python (D:1)
  7 bats
  3 giant cockroaches (D:1)
  5 goblins (D:1)
  5 hobgoblins (D:1)
  4 kobolds (D:1)
  2 frilled lizards (D:1)
  3 rats (D:1)
35 creatures vanquished.

Notes
Turn   | Place    | Note
-------+----------+-------------------------------------------
     0 | D:1      | Fang the Gargoyle Berserker began the quest for the Orb.
     0 | D:1      | Reached XP level 1. HP: 14/14 MP: 1/1
    64 | D:1      | Reached XP level 2. HP: 18/19 MP: 2/2
   186 | D:1      | Reached XP level 3. HP: 24/24 MP: 3/3
   501 | D:1      | Reached ** piety under Trog
   868 | D:2      | Noticed an orc warrior
   881 | D:2      | Reached XP level 4. HP: 9/29 MP: 4/4
   885 | D:2      | Demolished by an orc warrior

Skill      XL: |  1  2  3 |
---------------+----------+-----
Axes           | 3 |  3.7
Dodging        | 2 |  2.1
Fighting       | |  3.9
Armour         | |  2.4
Stealth        | |  0.4

Action                   |  1- 3 |  4- 6 || total
-------------------------+-------+-------++-------
Melee: Hand axe          |    89 |     4 ||    93
Invok: Berserk           |     2 |       ||     2
 Stab: Sleeping          |     2 |       ||     2
Armor: Animal skin       |    40 |     1 ||    41
Dodge: Dodged            |    89 |     2 ||    91
